Map: Troizinia LE

Players

kingpaladian

  • Race: Terran Terran
  • Spawn Location: 11:00

Majestic

  • Race: Protoss Protoss
  • League: Platinum
  • Spawn Location: 12:00

songoku

  • Race: Protoss Protoss
  • Spawn Location: 9:00

AlanC

  • Race: Terran Terran
  • Spawn Location: 11:00

youngchico

  • Race: Protoss Protoss
  • League: Silver
  • Spawn Location: 5:00

Deathman

  • Race: Terran Terran
  • Spawn Location: 6:00

THE

  • Race: Zerg Zerg
  • Spawn Location: 3:00

Infamous

  • Race: Protoss Protoss
  • League: Silver
  • Spawn Location: 5:00

VOD

Have the link to the VOD?

Description

Time

  • Played on: April 5, 2018, 10:40 a.m.
  • Length: 12:43
Show
View Real Time Build Order
Export as new Build Order

kingpaladian Terran 

Build Orders: Command Center First (CC), MMM Bio 

Get SALT Encoding   

  12  0:03  SCV  
  13  0:15  SCV  
  14  0:27  SCV  
  15  0:51  Command Center  
  15  1:02  Supply Depot  
  15  1:21  Refinery  
  15  1:24  Refinery  
  15  1:28  Barracks  
  15  1:43  SCV  
  16  1:55  SCV  
  17  2:05  Refinery  
  17  2:07  SCV  
  18  2:15  Supply Depot  
  18  2:19  SCV  
  19  2:26  Barracks Tech Lab  
  19  2:30  Refinery  
  19  2:31  SCV  
  20  2:40  Bunker  
  20  2:43  SCV  
  21  2:55  SCV  
  21  2:56  SCV  
  23  3:00  Marine  
  24  3:07  SCV  
  24  3:08  SCV  
  26  3:18  Marine  
  26  3:19  SCV  
  28  3:20  SCV  
  29  3:32  SCV  
  30  3:35  Marine  
  31  3:42  Factory  
  31  3:44  SCV  
  31  3:47  Combat Shields  
  32  3:53  Marine  
  33  3:57  SCV  
  33  3:59  Orbital Command  
  34  4:09  SCV  
  35  4:21  SCV  
  36  4:29  Starport  
  36  4:33  SCV, Factory Tech Lab  
  37  4:45  SCV  
  38  4:52  Siege Tank  
  41  4:57  SCV  
  42  5:06  Stimpack, Starport Tech Lab  
  42  5:07  Starport  
  42  5:09  SCV  
  43  5:21  SCV  
  44  5:33  SCV  
  45  5:45  Starport  
  45  6:01  Starport Tech Lab  
  45  6:13  SCV  
  46  6:25  SCV  
  47  6:27  Fusion Core  
  47  6:37  SCV  
  47  6:38  Starport Tech Lab  
  48  6:49  SCV  
  50  7:01  SCV  
  50  7:13  SCV  
  51  7:16  Armory  
  51  7:18  Weapon Refit  
  51  7:25  SCV  
  52  7:37  Battlecruiser  
  58  8:03  Armory  
  58  8:07  Orbital Command  
  58  8:56  Terran Ship Weapons Level 1, Terran Vehicle And Ship Armor Level 1  
  58  8:57  Supply Depot  
  58  9:18  Battlecruiser x2  
  58  9:20  Supply Depot  
  58  9:22  Battlecruiser  
  76  9:42  Supply Depot  
  76  10:05  Supply Depot  
  76  10:23  Battlecruiser x2  
  76  10:26  Battlecruiser  
  94  10:29  Supply Depot  
  94  10:52  Supply Depot  
  94  10:58  Marauder  
  94  10:59  Concussive Shells  
  96  11:15  Engineering Bay  
  96  11:27  Battlecruiser x2  
  96  11:31  Battlecruiser  
  114  11:43  Supply Depot  
  114  12:06  Supply Depot  
  114  12:31  Supply Depot  
Show
View Real Time Build Order
Export as new Build Order

Majestic Protoss 

Build Orders: Nexus First 

Get SALT Encoding   

  12  0:01  Probe  
  13  0:13  Probe  
  14  0:25  Probe (Chrono Boost)  
  14  0:28  Pylon  
  15  0:45  Probe (Chrono Boost)  
  16  0:53  Probe  
  17  1:05  Probe, Nexus  
  18  1:18  Probe  
  19  1:20  Forge  
  19  1:27  Pylon  
  19  1:30  Probe  
  20  1:42  Probe  
  21  1:55  Probe, Photon Cannon  
  21  2:00  Photon Cannon  
  22  2:07  Probe  
  23  2:16  Photon Cannon  
  23  2:23  Probe  
  23  2:26  Probe  
  25  2:30  Pylon  
  25  2:34  Assimilator  
  25  2:36  Probe (Chrono Boost)  
  26  2:38  Probe (Chrono Boost)  
  26  2:40  Assimilator  
  27  2:48  Probe (Chrono Boost)  
  27  2:49  Probe (Chrono Boost)  
  27  2:50  Gateway  
  29  2:54  Probe (Chrono Boost)  
  29  2:57  Probe (Chrono Boost)  
  31  3:03  Probe (Chrono Boost)  
  32  3:10  Probe x2 (Chrono Boost)  
  34  3:25  Nexus  
  34  3:27  Pylon  
  34  3:30  Pylon, Probe  
  35  3:34  Probe  
  35  3:37  Assimilator  
  36  3:43  Probe, Pylon  
  36  3:46  Probe  
  36  3:47  Assimilator  
  38  3:50  Pylon  
  38  3:58  Probe  
  38  4:00  Pylon, Cybernetics Core  
  39  4:12  Photon Cannon  
  39  4:16  Photon Cannon  
  39  4:25  Photon Cannon  
  39  4:28  Photon Cannon  
  39  4:31  Probe  
  40  4:41  Probe (Chrono Boost)  
  40  4:43  Probe (Chrono Boost)  
  40  4:44  Probe (Chrono Boost)  
  43  4:55  Probe (Chrono Boost)  
  43  4:59  Probe (Chrono Boost)  
  46  5:00  Probe (Chrono Boost)  
  46  5:02  Probe (Chrono Boost), Stargate  
  46  5:05  Probe (Chrono Boost)  
  48  5:07  Probe, Stargate  
  49  5:17  Probe  
  49  5:18  Shield Battery  
  49  5:19  Probe  
  49  5:21  Shield Battery  
  51  5:23  Shield Battery  
  51  5:24  Pylon  
  51  5:28  Pylon  
  51  5:31  Probe (Chrono Boost)  
  52  5:41  Probe (Chrono Boost)  
  54  5:44  Probe (Chrono Boost)  
  56  5:50  Assimilator  
  56  5:51  Probe (Chrono Boost)  
  56  5:52  Probe x2 (Chrono Boost)  
  56  5:54  Assimilator  
  57  5:57  Probe x2 (Chrono Boost)  
  57  6:00  Probe  
  57  6:02  Fleet Beacon  
  60  6:07  Pylon  
  60  6:08  Probe  
  60  6:09  Probe  
  62  6:12  Probe, Pylon  
  62  6:14  Stargate  
  63  6:20  Probe, Stargate  
  63  6:22  Stargate  
  63  6:24  Probe  
  65  6:32  Probe x2  
  67  6:36  Probe  
  68  6:44  Probe  
  68  6:45  Nexus  
  68  6:46  Protoss Air Weapons Level 1  
  69  6:47  Pylon  
  69  6:48  Pylon, Carrier (Chrono Boost)  
  69  6:50  Carrier (Chrono Boost)  
  69  6:52  Assimilator  
  81  7:03  Cybernetics Core  
  81  7:05  Carrier (Chrono Boost)  
  81  7:08  Graviton Catapult (Chrono Boost)  
  87  7:16  Carrier (Chrono Boost)  
  93  7:34  Photon Cannon  
  93  7:41  Assimilator  
  93  7:52  Photon Cannon, Protoss Air Armor Level 1 (Chrono Boost)  
  93  7:54  Photon Cannon  
  93  7:56  Anion Pulse-Crystals (Chrono Boost)  
  99  7:59  Photon Cannon  
  99  8:01  Photon Cannon  
  99  8:02  Shield Battery  
  99  8:03  Carrier (Chrono Boost)  
  99  8:15  Probe x2 (Chrono Boost)  
  99  8:16  Probe (Chrono Boost)  
  102  8:25  Probe x3 (Chrono Boost)  
  105  8:29  Probe x3 (Chrono Boost)  
  105  8:30  Protoss Shields Level 1  
  108  8:39  Carrier x2 (Chrono Boost)  
  108  8:40  Probe x2, Carrier (Chrono Boost)  
  134  8:58  Carrier (Chrono Boost)  
  134  9:14  Protoss Air Weapons Level 2 (Chrono Boost)  
  134  9:20  Carrier (Chrono Boost)  
  140  9:47  Carrier  
  140  9:48  Carrier  
  152  10:02  Carrier  
  158  10:07  Carrier  
  158  10:20  Nexus  
  164  10:21  Assimilator  
  164  10:22  Mothership (Chrono Boost)  
  164  10:23  Assimilator  
  164  10:25  Pylon  
  164  10:27  Pylon  
  164  10:28  Pylon  
  172  10:31  Pylon  
  172  10:32  Pylon  
  172  10:33  Carrier  
  172  10:36  Twilight Council  
  172  10:37  Pylon  
  172  10:38  Pylon  
Show
View Real Time Build Order
Export as new Build Order

songoku Protoss 

Build Orders:  

Get SALT Encoding   

  12  0:06  Probe  
  13  0:14  Pylon  
  13  0:18  Probe  
  14  0:30  Assimilator  
  14  0:31  Probe  
  15  0:40  Assimilator  
  15  0:44  Probe (Chrono Boost)  
  16  0:54  Probe (Chrono Boost)  
  17  0:59  Probe (Chrono Boost)  
  17  1:03  Gateway  
  18  1:11  Pylon, Probe (Chrono Boost)  
  19  1:22  Probe (Chrono Boost)  
  20  1:26  Probe (Chrono Boost)  
  21  1:35  Forge  
  21  1:51  Cybernetics Core  
  21  1:58  Pylon  
  21  2:01  Pylon  
  21  2:32  Stargate  
  21  2:36  Stargate  
  21  2:42  Stargate  
  21  3:02  Nexus  
  21  3:10  Assimilator  
  21  3:17  Assimilator  
  21  3:26  Probe  
  22  3:38  Probe  
  23  3:43  Stargate  
  23  3:50  Probe, Stargate  
  24  3:59  Pylon  
  24  4:03  Pylon  
  24  4:07  Probe  
  25  4:16  Probe  
  26  4:19  Probe  
  27  4:28  Probe  
  27  4:30  Stargate  
  28  4:42  Stargate  
  28  4:50  Probe (Chrono Boost)  
  30  5:00  Probe (Chrono Boost)  
  30  5:03  Pylon  
  30  5:05  Probe (Chrono Boost), Pylon  
  31  5:10  Pylon  
  31  5:16  Pylon  
  31  5:21  Probe (Chrono Boost)  
  32  5:32  Probe (Chrono Boost)  
  33  5:37  Probe (Chrono Boost)  
  34  5:43  Pylon  
  34  5:48  Probe  
  35  5:50  Void Ray  
  39  6:00  Probe  
  39  6:02  Void Ray  
  44  6:12  Probe  
  44  6:14  Void Ray  
  49  6:25  Void Ray  
  53  6:36  Void Ray  
  57  6:40  Protoss Air Weapons Level 1 (Chrono Boost)  
  57  6:56  Void Ray (Chrono Boost)  
  61  7:04  Void Ray (Chrono Boost)  
  65  7:15  Void Ray (Chrono Boost)  
  69  7:28  Protoss Shields Level 1  
  73  7:31  Void Ray (Chrono Boost)  
  73  7:59  Nexus  
  73  8:01  Assimilator  
  73  8:05  Assimilator  
  73  8:21  Void Ray x2  
  81  8:27  Protoss Air Armor Level 1  
  77  9:06  Void Ray x2  
  77  9:07  Void Ray x2  
  93  9:28  Void Ray  
  81  10:27  Void Ray x5  
  81  10:28  Void Ray  
  97  11:07  Void Ray  
  97  11:09  Void Ray  
  97  11:10  Void Ray  
Show
View Real Time Build Order
Export as new Build Order

AlanC Terran 

Build Orders: Command Center First (CC) 

Get SALT Encoding   

  12  0:12  SCV  
  13  0:24  SCV  
  14  1:24  SCV  
  15  1:49  Command Center  
  15  1:50  Supply Depot  
  15  1:56  Command Center  
  15  2:04  Engineering Bay  
  15  2:07  Refinery  
  15  2:11  SCV, Refinery  
  16  2:23  SCV  
  17  2:35  SCV  
  18  2:48  SCV  
  19  3:00  SCV  
  20  3:12  SCV  
  21  3:24  SCV  
  22  3:29  Planetary Fortress  
  22  3:36  SCV  
  23  3:48  SCV  
  24  3:49  Planetary Fortress  
  24  3:55  Refinery  
  24  4:00  SCV  
  25  4:09  Barracks  
  25  4:12  SCV  
  25  4:14  Refinery  
  26  4:18  SCV  
  27  4:24  SCV  
  27  4:26  SCV  
  27  4:30  SCV  
  30  4:38  SCV  
  30  4:39  SCV  
  30  4:42  SCV  
  33  4:50  SCV  
  33  4:51  SCV  
  35  4:55  Hi-Sec Auto Tracking  
  35  5:02  SCV  
  35  5:03  SCV  
  35  5:06  Barracks Tech Lab  
  37  5:08  Supply Depot  
  37  5:15  SCV x2  
  37  5:18  Refinery  
  39  5:22  SCV  
  39  5:27  SCV x2  
  39  5:28  Missile Turret  
  42  5:34  SCV  
  43  5:39  SCV  
  43  5:42  Orbital Command  
  44  5:46  SCV  
  45  5:51  SCV  
  46  5:58  SCV  
  46  6:03  SCV  
  48  6:10  SCV  
  49  6:11  Missile Turret  
  49  6:15  SCV  
  49  6:16  Command Center  
  50  6:22  SCV  
  51  6:27  SCV, Refinery  
  51  6:31  Missile Turret  
  52  6:33  SCV  
  52  6:34  SCV  
  52  6:39  SCV  
  55  6:45  SCV  
  55  6:47  SCV  
  57  6:49  Command Center  
  57  6:51  SCV  
  57  6:53  Missile Turret  
  58  6:57  SCV  
  59  7:03  SCV  
  60  7:09  SCV  
  60  7:15  Missile Turret  
  61  7:17  Factory  
  61  7:24  Supply Depot x2  
  61  7:28  SCV x2  
  63  7:32  Planetary Fortress  
  63  7:38  Refinery  
  63  7:40  SCV  
  64  7:47  Supply Depot, SCV  
  64  7:50  Supply Depot  
  65  7:52  SCV  
  66  7:59  SCV  
  66  8:03  Command Center, Orbital Command  
  66  8:04  SCV  
  68  8:11  SCV  
  69  8:16  SCV  
  70  8:22  Supply Depot  
  70  8:23  SCV  
  70  8:24  Supply Depot  
  70  8:26  SCV  
  72  8:29  SCV  
  73  8:35  SCV  
  73  8:38  SCV  
  73  8:41  SCV  
  76  8:42  Factory Tech Lab  
  76  8:46  Supply Depot  
  76  8:50  Factory, SCV  
  76  8:54  Factory  
  77  9:02  SCV  
  78  9:06  Refinery  
  78  9:14  Supply Depot, SCV  
  79  9:21  Supply Depot  
  79  9:23  Orbital Command  
  79  9:36  Factory  
  79  9:38  Armory  
  79  9:39  Armory  
  79  9:41  Factory  
  79  9:46  Supply Depot  
  79  10:06  Factory Tech Lab x2  
  79  10:22  Factory  
  79  10:23  Factory  
  79  10:54  Thor x3  
  97  10:58  Factory Tech Lab x2  
  97  11:11  Command Center  
  97  11:20  Command Center  
  97  11:29  Thor x2  
  97  11:31  Factory Tech Lab x2  
  109  11:36  Thor  
  109  11:37  Thor x2  
Show
View Real Time Build Order
Export as new Build Order

youngchico Protoss 

Build Orders: Nexus First 

Get SALT Encoding   

  12  0:04  Probe  
  13  0:16  Pylon  
  13  0:22  Probe (Chrono Boost)  
  14  0:34  Probe (Chrono Boost)  
  16  0:43  Probe (Chrono Boost)  
  16  0:58  Nexus  
  16  1:03  Probe  
  17  1:15  Probe  
  18  1:27  Probe  
  19  1:39  Probe (Chrono Boost)  
  20  1:51  Probe (Chrono Boost)  
  21  1:56  Probe (Chrono Boost)  
  21  1:59  Gateway  
  22  2:03  Assimilator  
  22  2:06  Probe (Chrono Boost)  
  23  2:08  Assimilator  
  23  2:15  Probe (Chrono Boost)  
  25  2:24  Probe (Chrono Boost)  
  25  2:25  Probe (Chrono Boost)  
  26  2:30  Probe (Chrono Boost)  
  27  2:38  Probe  
  27  2:41  Probe  
  29  2:50  Probe, Cybernetics Core  
  30  2:53  Probe  
  30  2:56  Pylon  
  31  3:02  Probe  
  31  3:05  Probe  
  33  3:07  Assimilator  
  33  3:14  Probe  
  33  3:17  Probe  
  35  3:26  Probe  
  36  3:50  Nexus  
  36  3:55  Assimilator  
  36  4:11  Stargate  
  36  4:15  Stargate  
  36  4:20  Stargate  
  36  5:09  Pylon  
  36  5:13  Pylon  
  36  5:19  Pylon  
  36  5:25  Pylon  
  36  5:29  Pylon  
  36  5:30  Void Ray x2  
  44  5:44  Void Ray  
  48  6:10  Nexus  
  48  6:13  Void Ray x2  
  56  6:52  Void Ray  
  60  6:56  Void Ray  
  64  7:06  Forge  
  40  10:16  Nexus  
Show
View Real Time Build Order
Export as new Build Order

Deathman Terran 

Build Orders: MMM Bio 

Get SALT Encoding   

  12  0:03  SCV  
  13  0:15  SCV  
  14  0:27  SCV  
  15  0:31  Supply Depot  
  15  0:44  Refinery  
  15  0:52  SCV  
  15  0:55  Barracks  
  16  1:04  SCV  
  17  1:17  Supply Depot, SCV  
  18  1:29  SCV  
  19  1:41  SCV  
  19  1:43  Supply Depot  
  19  1:45  Refinery  
  20  1:50  Marine  
  20  1:53  SCV  
  22  2:02  Supply Depot  
  22  2:05  SCV  
  22  2:06  Supply Depot  
  22  2:08  Marine  
  24  2:24  Barracks  
  24  2:25  Marine  
  24  2:29  SCV  
  26  2:41  SCV  
  26  2:43  Marine  
  28  2:54  Command Center  
  28  3:01  Marine  
  29  3:19  Marine  
  30  3:20  Barracks Tech Lab  
  30  3:46  SCV  
  30  3:48  Marine  
  32  3:57  Combat Shields  
  32  3:58  SCV, Engineering Bay  
  32  4:00  Marauder  
  35  4:06  Marine  
  35  4:08  SCV  
  37  4:10  SCV  
  38  4:20  SCV  
  38  4:21  Factory, Marauder  
  38  4:22  SCV  
  42  4:32  SCV  
  42  4:34  SCV  
  44  4:42  Marauder  
  44  4:44  SCV  
  47  4:56  SCV  
  48  5:03  Terran Infantry Weapons Level 1  
  48  5:04  Marauder  
  50  5:08  SCV  
  50  5:12  Factory Tech Lab  
  50  5:14  Starport  
  51  5:20  Stimpack, SCV  
  51  5:21  Missile Turret  
  52  5:25  Marine, Marauder  
  55  5:31  Refinery  
  55  5:32  SCV  
  55  5:33  SCV  
  57  5:40  Siege Tank  
  60  5:43  Marine  
  60  5:44  SCV  
  60  5:45  SCV  
  63  5:53  Starport Tech Lab  
  63  5:56  SCV  
  64  5:58  SCV  
  65  6:05  Factory  
  65  6:11  SCV  
  65  6:16  Refinery, Orbital Command  
  66  6:23  SCV  
  67  6:26  Marauder  
  67  6:27  Missile Turret  
  69  6:36  SCV  
  70  6:58  Supply Depot  
  70  7:00  Supply Depot  
  70  7:01  Terran Infantry Armor Level 1  
  70  7:04  Factory Tech Lab  
  70  7:20  Medivac, SCV, Marauder  
  70  7:21  Supply Depot, Concussive Shells  
  75  7:24  Supply Depot  
  75  7:28  Widow Mine  
  75  7:29  Siege Tank  
  80  7:33  Orbital Command  
  80  7:49  Widow Mine  
  80  7:50  Medivac  
  84  7:51  Supply Depot  
  84  8:01  Siege Tank  
  87  8:10  Widow Mine  
  87  8:11  Command Center  
  89  8:14  Supply Depot  
  89  8:20  Medivac  
  91  8:32  Widow Mine  
  78  8:44  Marine  
  78  8:45  Missile Turret  
  79  8:52  Viking  
  79  8:53  Widow Mine  
  69  9:02  Marine  
  67  9:11  Missile Turret  
  67  9:20  Marine  
  67  9:22  Viking  
  70  9:29  Refinery  
  70  9:31  Refinery  
  70  9:38  Marine  
  73  9:55  Marine  
  60  10:20  Missile Turret  
  56  10:21  Missile Turret  
  56  10:22  Missile Turret  
  56  10:23  Widow Mine x2  
  51  10:45  Widow Mine x2  
  34  11:06  Widow Mine x2  
  32  11:27  Widow Mine x2  
  36  11:43  Starport  
  36  11:47  Starport  
  36  11:49  Starport  
  36  11:51  Starport  
  8  12:32  Supply Depot  
  8  12:34  Supply Depot  
  8  12:35  Supply Depot  
  6  12:37  Supply Depot  
Show
View Real Time Build Order
Export as new Build Order

THE Zerg 

Build Orders: Pool First 

Get SALT Encoding   

  12  0:23  Spawning Pool  
  11  0:31  Overlord  
  11  0:34  Drone  
  12  0:36  Drone  
  13  0:47  Extractor  
  12  0:51  Drone  
  12  0:55  Drone  
  14  1:05  Drone  
  15  1:11  Queen  
  17  1:19  Drone  
  18  1:52  Extractor  
  17  1:58  Lair  
  18  2:08  Zergling x4  
  18  2:09  Zergling x2  
  18  2:12  Hatchery  
  19  2:25  Drone x2  
  19  2:26  Drone  
  19  2:29  Overlord  
  22  2:38  Metabolic Boost  
  22  3:02  Zergling x8  
  22  3:03  Zergling x2  
  27  3:17  Spore Crawler  
  26  3:55  Zergling x8, Baneling Nest  
  30  3:56  Zergling x2  
  30  3:58  Drone x2  
  32  4:20  Spire  
  32  4:23  Drone  
  32  4:30  Drone  
  33  4:39  Drone x2  
  33  4:43  Drone  
  36  4:53  Baneling  
  36  4:54  Baneling x4  
  36  4:57  Baneling  
  36  4:59  Baneling  
  36  5:00  Baneling  
  36  5:03  Baneling  
  36  5:05  Baneling  
  36  5:08  Baneling  
  36  5:09  Baneling  
  36  5:11  Baneling  
  36  5:14  Baneling x2  
  36  5:16  Baneling  
  36  5:18  Baneling  
  36  5:19  Baneling  
  36  5:21  Baneling  
  36  5:23  Baneling  
  36  5:24  Baneling  
  36  5:26  Baneling  
  36  5:29  Baneling  
  36  5:30  Baneling  
  36  5:32  Baneling  
Show
View Real Time Build Order
Export as new Build Order

Infamous Protoss 

Build Orders:  

Get SALT Encoding   

  12  0:03  Probe  
  13  0:16  Pylon  
  13  0:27  Probe  
  14  0:36  Gateway  
  14  0:39  Probe (Chrono Boost)  
  15  0:49  Probe (Chrono Boost)  
  16  0:56  Probe (Chrono Boost)  
  16  1:03  Assimilator  
  17  1:08  Probe (Chrono Boost)  
  18  1:16  Probe (Chrono Boost)  
  19  1:20  Gateway  
  19  1:22  Assimilator  
  19  1:57  Zealot (Chrono Boost)  
  19  2:00  Probe  
  19  2:01  Cybernetics Core  
  22  2:06  Pylon  
  22  2:12  Probe  
  23  2:24  Pylon, Zealot (Chrono Boost)  
  23  2:28  Zealot (Chrono Boost)  
  27  2:49  Robotics Facility  
  27  2:53  Warp Gate  
  27  2:54  Zealot (Chrono Boost)  
  27  2:56  Probe  
  32  2:59  Zealot (Chrono Boost)  
  32  3:08  Probe  
  32  3:14  Forge  
  32  3:20  Probe  
  33  3:46  Zealot  
  33  3:47  Zealot  
  37  3:59  Gateway  
  37  4:03  Photon Cannon  
  37  4:15  Probe  
  37  4:16  Shield Battery  
  38  4:35  Gateway  
  39  5:07  Probe  
  39  5:11  Protoss Ground Weapons Level 1 (Chrono Boost)  
  39  5:16  Pylon  
  39  5:34  Probe, Immortal  
  44  5:37  Pylon  
  44  5:40  Pylon  
  42  5:43  Pylon  
  42  5:47  Pylon  
  38  5:52  Probe (Chrono Boost)  
  38  5:56  Stalker  
  38  5:57  Stalker x3  
  42  6:02  Probe (Chrono Boost)  
  47  6:11  Forge  
  47  6:22  Stalker x4  
  55  6:37  Immortal (Chrono Boost)  
  59  6:50  Gateway, Protoss Ground Armor Level 1  
  59  6:56  Probe  
  60  7:08  Probe  
  61  7:17  Twilight Council  
  53  7:47  Stalker x2  
  53  7:48  Stalker x2  
  43  8:08  Stalker  
  43  8:11  Probe  
  40  8:19  Stalker x3  
  44  8:20  Stalker  
  42  8:33  Photon Cannon  
  38  8:41  Photon Cannon  
  38  8:50  Pylon  
  38  8:54  Stalker x2  
  38  8:55  Stalker x2  
  39  9:19  Pylon  
  32  9:53  Pylon  
  14  11:54  Pylon  
  14  12:01  Pylon  
  13  12:02  Pylon  
  13  12:06  Pylon  
  13  12:07  Pylon x2  
  13  12:08  Pylon  
  11  12:09  Pylon  
  11  12:11  Pylon x2  
  11  12:13  Pylon  
  11  12:14  Pylon  
  9  12:15  Pylon  
  9  12:17  Pylon  
  4  12:23  Pylon  
Tags
 
Add a new tag
Caveats
  • Supply blocks, unpowered buildings, or Contaminate may cause inaccurate times.
  • Supply counts are checked every 10 seconds.